 Dungeon Sprint DCSS version 0.19.1-1-g22dce08 (webtiles) character file.

2441 StormySan the Grappler (level 9, -8/101 HPs)
             Began as a Troll Berserker on Jan 8, 2017.
             Was a Priest of Trog.
             Mangled by a deep troll (25 damage)
             ... in the Dungeon (Sprint I: "Red Sonja").
             The game lasted 00:01:42 (266 turns).

StormySan the Grappler (Troll Berserker)             Turns: 266, Time: 00:01:42

Health: -8/101     AC:  5    Str: 30    XL:     9   Next: 25%
Magic:  8/8        EV: 14    Int:  3    God:    Trog [***...]
Gold:   424        SH:  0    Dex:  9    Spells: 0 memorised, 8 levels left

rFire  . . .     SeeInvis .       - Unarmed
rCold  . . .     Gourm    +     a - +0 animal skin
rNeg   . . .     Faith    .     (no shield)
rPois  .         Spirit   .     (helmet restricted)
rElec  .         Reflect  .     (no cloak)
rCorr  .         Harm     .     (gloves unavailable)
MR     ++...     NoTele   +     (boots unavailable)
Stlth  +.........               (no amulet)
                                (no ring)
                                (no ring)

@: exhausted, regenerating, slowed, very slow
A: unfitting armour, claws 3, fast metabolism 3, gourmand, regeneration 1,
shaggy fur 1, tough skin 2
a: Berserk, Trog's Hand, Burn Spellbooks, Renounce Religion


You were in the Dungeon.
You worshipped Trog.
Trog was most pleased with you.
You were not hungry.

You visited 1 branch You collected 424 gold pieces.

Inventory:

Armour
 a - a +0 animal skin (worn)
Scrolls
 h - a scroll of blinking
Potions
 c - a potion of curing
 e - a potion of haste
 f - 2 potions of magic
 g - a potion of berserk rage
Comestibles
 b - 2 bread rations


   Skills:
 + Level 9.7 Fighting
 + Level 10.1 Dodging
 + Level 0.9 Stealth
 + Level 13.8 Unarmed Combat


You had 8 spell levels left.
You didn't know any spells.

Dungeon Overview and Level Annotations

Branches:
Dungeon (1/1)

Altars:
Cheibriados
Dithmenos
Elyvilon
Fedhas
Gozag
Hepliaklqana
Kikubaaqudgha
Makhleb
Nemelex Xobeh
Okawaru
Qazlal
Ru
Sif Muna
Trog
Uskayaw
Vehumet
Xom
Yredelemnul
Zin
The Shining One
Jiyva
Lugonu

Shops:
D %


Innate Abilities, Weirdness & Mutations

You are too large for most types of armour.
You have claws for hands.
Your metabolism is lightning-fast.
You like to eat raw meat.
Your natural rate of healing is unusually fast.
You are covered in fur. (AC +1)
You have very tough skin. (AC +2)


Message History

You barely miss the deep troll. You claw the deep troll!
The deep troll is moderately wounded.
You are no longer berserk.
You are exhausted.
You feel yourself slow down. The deep troll bites you!
* * * LOW HITPOINT WARNING * * *
The deep troll claws you.
* * * LOW HITPOINT WARNING * * *
The deep troll claws you!
* * * LOW HITPOINT WARNING * * *
You feel much better. The deep troll closely misses you.
The deep troll barely misses you. The deep troll claws you!
* * * LOW HITPOINT WARNING * * *
You eviscerate the deep troll!!!
The deep troll is almost dead.
The deep troll barely misses you. The deep troll closely misses you. x2
You closely miss the deep troll.
The deep troll is almost dead.
The deep troll bites you!!
You die...

#..#####'#####'#__####
#..####..#...#.####§§
#..#__####..##.#≈≈§§c
#..#_____##'#.)(§≈≈§§
#⌠⌠#_.∩...'..._#§§§§§#
####_..__##_.#'##§####
#_____###)#[# .§[
#########.####'###
.....'..)@T..$$+
''####$.$####### ##.##
#+#


You could see a deep troll.

Vanquished Creatures
  2 centaur warriors (D)
  Sonja (D)
  A slime creature (D)
  Sigmund (D)
  A yak (D)
  An ogre (D)
  A jelly (D)
  Ijyb (D)
9 creatures vanquished.

Notes
Turn   | Place    | Note
-------+----------+-------------------------------------------
     0 | D        | StormySan the Troll Berserker began the quest for the Orb.
     0 | D        | Reached XP level 1. HP: 22/22 MP: 0/0
     1 | D        | Noticed Ijyb
    11 | D        | Killed Ijyb
    11 | D        | Reached skill level 4 in Unarmed Combat
    11 | D        | Reached XP level 2. HP: 25/31 MP: 1/1
    14 | D        | Noticed an ogre
    18 | D        | Killed an ogre
    18 | D        | Reached skill level 6 in Unarmed Combat
    18 | D        | Reached XP level 3. HP: 7/40 MP: 2/2
    18 | D        | Reached XP level 4. HP: 8/49 MP: 3/3
    90 | D        | Noticed Sigmund
    96 | D        | Killed Sigmund
    96 | D        | Reached ** piety under Trog
    96 | D        | Reached skill level 8 in Unarmed Combat
    96 | D        | Reached XP level 5. HP: 59/59 MP: 4/4
   111 | D        | Found a deep blue altar of Sif Muna.
   113 | D        | Found a radiant altar of Vehumet.
   114 | D        | Reached XP level 6. HP: 67/67 MP: 5/5
   136 | D        | Found Siovabbaesch's Food Emporium.
   136 | D        | Found an ancient bone altar of Kikubaaqudgha.
   136 | D        | Found a hazy altar of Hepliaklqana.
   136 | D        | Found a hide-covered altar of Uskayaw.
   136 | D        | Found a basalt altar of Yredelemnul.
   136 | D        | Found an opulent altar of Gozag.
   136 | D        | Found a snail-covered altar of Cheibriados.
   136 | D        | Found a sacrificial altar of Ru.
   136 | D        | Found a shadowy altar of Dithmenos.
   136 | D        | Noticed a yak
   139 | D        | Killed a yak
   139 | D        | Reached skill level 9 in Unarmed Combat
   140 | D        | Found a stormy altar of Qazlal.
   140 | D        | Found a blossoming altar of Fedhas.
   140 | D        | Found a bloodstained altar of Trog.
   140 | D        | Found an iron altar of Okawaru.
   140 | D        | Found a glowing golden altar of the Shining One.
   140 | D        | Found a glowing silver altar of Zin.
   140 | D        | Found a white marble altar of Elyvilon.
   143 | D        | Found a sparkling altar of Nemelex Xobeh.
   161 | D        | Found a viscous altar of Jiyva.
   161 | D        | Found a corrupted altar of Lugonu.
   161 | D        | Noticed a slime creature
   162 | D        | Found a burning altar of Makhleb.
   162 | D        | Found a shimmering altar of Xom.
   164 | D        | Killed a slime creature
   164 | D        | Reached *** piety under Trog
   164 | D        | Reached skill level 10 in Unarmed Combat
   164 | D        | Reached XP level 7. HP: 73/78 MP: 6/6
   204 | D        | Noticed a centaur warrior
   208 | D        | Noticed a centaur warrior
   221 | D        | Killed a centaur warrior
   221 | D        | Reached skill level 12 in Unarmed Combat
   221 | D        | Reached XP level 8. HP: 30/89 MP: 7/7
   248 | D        | Noticed Sonja
   256 | D        | Killed a centaur warrior
   256 | D        | Reached skill level 13 in Unarmed Combat
   258 | D        | Noticed a deep troll
   259 | D        | Killed Sonja
   259 | D        | Reached skill level 10 in Dodging
   259 | D        | Reached XP level 9. HP: 42/101 MP: 8/8
   263 | D        | HP: 2/101 [deep troll (10)]
   266 | D        | Mangled by a deep troll

Skill      XL: |  1  2  3  4  5  6  7  8 |
---------------+-------------------------+-----
Fighting       | 3 4 6 7 8 9 |  9.7
Dodging        | 3 4 6 7 9 10 | 10.1
Unarmed Combat | 4 6 8 10 12 13 | 13.8
Stealth        | |  0.9

Action                   |  1- 3 |  4- 6 |  7- 9 || total
-------------------------+-------+-------+-------++-------
Melee: Unarmed           |    12 |    10 |    20 ||    42
       Punch             |       |     1 |     1 ||     2
Invok: Berserk           |       |     1 |     1 ||     2
       Trog's Hand       |       |       |     1 ||     1
  Use: Potion            |       |       |     1 ||     1
 Stab: Distracted        |       |       |     1 ||     1
  Eat: Chunk             |       |       |     3 ||     3
Armor: Animal skin       |     1 |       |     2 ||     3
Dodge: Dodged            |     3 |     1 |    10 ||    14
